 Dungeon Crawl Stone Soup version 0.31.0-12-g77e489cdc1 (console) character file.

Game seed: 17657284330364677362

4427 JoeltCo the Magician (level 10, -1/32 HPs)
             Began as a Gnoll Alchemist on Feb 10, 2024.
             Was a Priest of Hepliaklqana.
             Killed from afar by an acid dragon (12 damage)
             ... with a splash of acid
             ... on level 9 of the Dungeon on Feb 15, 2024.
             The game lasted 00:22:44 (10136 turns).

JoeltCo the Magician (Gnoll Alchemist)             Turns: 10136, Time: 00:22:45

Health: -1/32      AC: -2    Str:  7    XL:     10   Next: 36%
Magic:  26/30      EV: 15    Int: 24    God:    Hepliaklqana [***...]
Gold:   342        SH:  5    Dex: 14    Spells: 13/23 levels left

rFire   . . .        u - melded +3 spear {vamp, rN++ Stlth+}
rCold   . . .        q - melded orb {*channel}
rNeg    . . .        a - +1 robe
rPois   .            (no helmet)
rElec   .            (no cloak)
rCorr   .            (gloves currently unavailable)
SInv    .            (no boots)
Will    .....        i - amulet of reflection
Stlth   +++          m - ring of magical power
HPRegen 0.25/turn    s - +6 ring of intelligence
MPRegen 0.22/turn

%: reflection
@: blade hands, corroded
A: reduced hp, reduced essence, fangs 1, strong nose, distributed training
a: Begin Untransformation, Renounce Religion, Recall Ancestor, Ancestor
Identity, Transference


You were on level 9 of the Dungeon.
You worshipped Hepliaklqana.
Hepliaklqana was most pleased with you.
You had blades for hands.
You visited 2 branches of the dungeon, and saw 10 of its levels.

You collected 342 gold pieces.

Inventory:

Hand Weapons
 u - the +3 spear of Magnificence (melded) {vamp, rN++ Stlth+}
   (You found it on level 8 of the Dungeon)

   rN++:      It greatly protects you from negative energy.
   Stlth+:    It makes you more stealthy.
Armour
 a - a +1 robe (worn)
 q - an orb of energy (melded)
Jewellery
 c - a ring of ice
 i - an amulet of reflection (around neck)
 m - a ring of magical power (left blade hand)
 s - a +6 ring of intelligence (right blade hand)
Talismans
 e - a blade talisman (active)
Wands
 p - a wand of digging (6)
Scrolls
 j - 2 scrolls of fog
 l - 2 scrolls of enchant armour
 n - a scroll of poison
 o - a scroll of teleportation
Potions
 b - a potion of magic
 d - a potion of curing
 f - a potion of resistance
 g - a potion of enlightenment
 h - 2 potions of might
 k - a potion of cancellation {unknown}
 r - a potion of brilliance {unknown}
 t - 2 potions of heal wounds {unknown}


   Skills:
 + Level 5.4 Fighting
 + Level 5.4 Short Blades
 + Level 5.4 Long Blades
 + Level 5.4 Axes
 + Level 5.4 Maces & Flails
 + Level 5.4 Polearms
 + Level 5.4 Staves
 + Level 5.4 Ranged Weapons
 + Level 5.4 Throwing
 + Level 5.4 Armour
 + Level 7.2 Dodging
 + Level 6.9 Stealth
 + Level 5.4 Shields
 + Level 5.4 Unarmed Combat
 + Level 7.4 Spellcasting
 + Level 5.0 Conjurations
 + Level 4.4 Hexes
 + Level 4.4 Summonings
 + Level 4.4 Necromancy
 + Level 4.4 Translocations
 + Level 4.4 Fire Magic
 + Level 4.4 Ice Magic
 + Level 4.4 Air Magic
 + Level 4.4 Earth Magic
 + Level 7.1 Alchemy
 + Level 5.9 Invocations
 + Level 5.4 Evocations
 + Level 4.9 Shapeshifting


You had 13 spell levels left.
You knew the following spells:

 Your Spells              Type           Power      Damage    Failure   Level
a - Sting                 Conj/Alch      100%       1d9       1%          1
b - Mercury Vapours       Alch/Air       72%        N/A       1%          2
c - Mephitic Cloud        Conj/Alch/Air  35%        N/A       1%          3
d - Olgreb's Toxic Radia  Alch           43%        N/A       3%          4

Your spell library contained the following spells:

 Spells                   Type           Power      Damage    Failure   Level
 Blink                    Tloc           60%        N/A       1%          2
 Lesser Beckoning         Tloc           60%        N/A       1%          2
 Momentum Strike          Conj/Tloc      62%        3d9       1%          2
 Call Canine Familiar     Summ           30%        N/A       3%          3
 Sigil of Binding         Hex            30%        N/A       3%          3
 Volatile Blastmotes      Fire/Tloc      60%        2d15      3%          3
 Fulminant Prism          Conj/Alch      19%        3d10      5%          4
 Sticky Flame             Fire/Alch      36%        2d8       6%          4
 Iskenderun's Mystic Bla  Conj/Tloc      31%        2d8       10%         4
 Dimensional Bullseye     Hex/Tloc       15%        N/A       11%         4


Dungeon Overview and Level Annotations

Branches:
Dungeon (9/15)             Temple (1/1) D:5            Lair (0/5) D:8
    Orc: D:9-12

Altars:
Ashenzari
Cheibriados
Dithmenos
Elyvilon
Fedhas
Gozag
Hepliaklqana
Kikubaaqudgha
Makhleb
Nemelex Xobeh
Okawaru
Qazlal
Ru
Trog
Uskayaw
Vehumet
Wu Jian
Xom
Yredelemnul
Zin
The Shining One

Shops:
D:3 [

Annotations:
D:3 1 runed translucent door, Crazy Yiuf
D:5 1 runed translucent door, Charlie33ad's ghost, novice DsNe


Innate Abilities, Weirdness & Mutations

You have blades for hands.
Your maximum health is decreased, since you lack skill for your form.
You are incapable of wielding weapons or throwing items.
Your life essence is reduced to manifest your ancestor. (-10% HP)
You have very sharp teeth.
Your uncanny sense of smell can sniff out nearby items.
Your experience applies equally to all skills.


Message History

You now have 334 gold pieces (gained 9).
Things that are here:
a +0 short sword; a +0 dagger; an orc corpse You can now swap creatures with your ancestor.
Found a stone staircase leading up.
r - a lumpy silvery potion
t - 2 green potions You now have 342 gold pieces (gained 8).
As you open the door, it creaks loudly!
There is an open door here.
You open the door.
There is an open door here.
j - 2 scrolls of fog (gained 1)
You open the door.
There is an open door here.
You open the door.
A wight and an acid dragon come into view.
The wight moves out of view.
Found a quarterstaff and a book of the Earth.
An acid dragon is nearby!
An acid dragon is nearby!
An acid dragon is nearby!
An acid dragon is nearby!
An acid dragon is nearby!
Casting: Olgreb's Toxic Radiance (quite dangerous; 3% risk of failure)
Confirm with . or Enter, or press ? or * to list all spells.
The spell is quite dangerous to miscast (3% risk of failure)!
Continue anyway?
You begin to radiate toxic energy.
Your toxic aura wanes.
There is an open door here.
The acid dragon spits acid at you. The splash of acid hits you!!
Ouch! That really hurt!
The acid corrodes you!
You hear an angry buzzing noise. x2
You are too injured to fight recklessly!
You hit the acid dragon but do no damage.
The acid dragon spits acid at you. The splash of acid hits you!
You die...

#............# ##............#
..............# #............#
#..:.........## #............'.
#....).......# #....D@......#
#######R###### #. #...# #.
########'##### #. #####+##
#......R...[.########. .......#
#.............#....... .......#
#..................... .......#
###............#........
.....<.###.'............##.......
.......##..#............##.......
.......'..##............##.>.....


You could see the friendly Sofian the hexer and an acid dragon (catching breath,
ally target).

Vanquished Creatures
  Pikel (D:4)
  Jeremiah (D:7)
  Grinder (D:4)
  Menkaure (D:4)
  An orc warrior (D:6)
  A black bear (D:5)
  3 ice beasts
  An ogre (D:6)
  3 lemures (D:4)
  2 kobold brigands
  Blork the orc (D:6)
  A bullfrog (D:9)
  2 scorpions
  7 wights
  2 killer bees (D:7)
  2 bombardier beetles
  4 hounds
  2 orc priests
  A gnoll bouda (D:7)
  A jelly (D:7)
  2 iguanas
  A sleepcap (D:4)
  Natasha (thrice) (D:4)
  5 orc wizards
  Robin (D:3)
  8 gnolls
  5 adders
  4 white imps
  2 ufetubi (D:6)
  2 dart slugs (D:1)
  28 orcs
  6 endoplasms
  6 giant cockroaches
  16 goblins
  7 hobgoblins
  6 jackals
  3 quokkas
  6 ball pythons
  6 bats
  A frilled lizard (D:1)
  18 kobolds
  2 rats
176 creatures vanquished.

Vanquished Creatures (collateral kills)
  Edmund (D:6)
  A sky beast (D:8)
  2 ice beasts (D:7)
  A centaur (D:6)
  A kobold brigand (D:6)
  10 wights
  A killer bee (D:7)
  An orc priest (D:9)
  A gnoll (D:7)
19 creatures vanquished.

Vanquished Creatures (others)
  A hexer (D:8)
1 creature vanquished.

Grand Total: 196 creatures vanquished

Notes
Turn   | Place    | Note
-------+----------+-------------------------------------------
     0 | D:1      | JoeltCo the Gnoll Alchemist began the quest for the Orb.
     0 | D:1      | Reached XP level 1. HP: 13/13 MP: 6/6
   142 | D:1      | Reached XP level 2. HP: 11/20 MP: 1/7
   480 | D:1      | Reached skill level 5 in Spellcasting
   480 | D:1      | Reached XP level 3. HP: 25/25 MP: 3/9
   938 | D:1      | Learned a level 2 spell: Mercury Vapours
   942 | D:1      | Learned a level 3 spell: Mephitic Cloud
  1033 | D:2      | Reached skill level 1 in Invocations
  1199 | D:2      | Reached skill level 1 in Fighting
  1199 | D:2      | Reached skill level 1 in Short Blades
  1199 | D:2      | Reached skill level 1 in Long Blades
  1199 | D:2      | Reached skill level 1 in Axes
  1199 | D:2      | Reached skill level 1 in Maces & Flails
  1199 | D:2      | Reached skill level 1 in Polearms
  1199 | D:2      | Reached skill level 1 in Staves
  1199 | D:2      | Reached skill level 1 in Ranged Weapons
  1199 | D:2      | Reached skill level 1 in Throwing
  1199 | D:2      | Reached skill level 1 in Armour
  1199 | D:2      | Reached skill level 1 in Shields
  1199 | D:2      | Reached skill level 1 in Unarmed Combat
  1199 | D:2      | Reached skill level 1 in Evocations
  1837 | D:3      | Reached skill level 1 in Shapeshifting
  1837 | D:3      | Reached XP level 4. HP: 32/32 MP: 9/11
  1842 | D:3      | Learned a level 4 spell: Olgreb's Toxic Radiance
  1941 | D:3      | Noticed Robin
  1950 | D:3      | Reached skill level 1 in Hexes
  1950 | D:3      | Reached skill level 1 in Summonings
  1950 | D:3      | Reached skill level 1 in Necromancy
  1950 | D:3      | Reached skill level 1 in Translocations
  1950 | D:3      | Reached skill level 1 in Fire Magic
  1950 | D:3      | Reached skill level 1 in Ice Magic
  1950 | D:3      | Reached skill level 1 in Air Magic
  1950 | D:3      | Reached skill level 1 in Earth Magic
  1950 | D:3      | Killed Robin
  2360 | D:3      | Found a snail-covered altar of Cheibriados.
  2573 | D:3      | Found Unuk Boch's Antique Armour Shop.
  2622 | D:3      | Reached XP level 5. HP: 37/37 MP: 9/12
  2815 | D:3      | Found a runed translucent door.
  2816 | D:3      | Noticed Crazy Yiuf
  2971 | D:4      | Noticed Grinder
  2980 | D:4      | Paralysed by Grinder for 4 turns
  2990 | D:4      | Killed Grinder
  2991 | D:4      | Reached skill level 5 in Dodging
  2991 | D:4      | Reached XP level 6. HP: 6/44 MP: 1/14
  3282 | D:4      | Noticed Pikel
  3294 | D:4      | Killed Pikel
  3295 | D:4      | Reached skill level 5 in Stealth
  3295 | D:4      | Reached XP level 7. HP: 26/52 MP: 3/15
  3295 | D:4      | Reached XP level 8. HP: 29/58 MP: 3/16
  3437 | D:4      | Noticed Natasha
  3441 | D:4      | Killed Natasha
  3690 | D:4      | Noticed Natasha
  3695 | D:4      | Killed Natasha
  3954 | D:4      | Noticed Menkaure
  3966 | D:4      | Killed Menkaure
  4271 | D:4      | Noticed Natasha
  4275 | D:4      | Killed Natasha
  4428 | D:5      | Entered Level 5 of the Dungeon
  4550 | D:5      | Found an opulent altar of Gozag.
  4611 | D:5      | Found a runed translucent door.
  4614 | D:5      | Noticed Charlie33ad's ghost (novice DsNe)
  4919 | D:5      | Found a staircase to the Ecumenical Temple.
  4942 | Temple   | Entered the Ecumenical Temple
  4961 | Temple   | Became a worshipper of Hepliaklqana the Forgotten
  5892 | D:6      | Noticed Blork the orc
  5900 | D:6      | Killed Blork the orc
  5901 | D:6      | Reached XP level 9. HP: 65/65 MP: 10/18
  5942 | D:6      | Reached * piety under Hepliaklqana
  6078 | D:6      | Found a basalt altar of Yredelemnul.
  6081 | D:6      | Found a shadowy altar of Dithmenos.
  6326 | D:6      | You fall into a shaft and drop 1 floor!
  6558 | D:6      | Noticed Edmund
  6567 | D:6      | Killed Edmund
  6820 | D:6      | Reached ** piety under Hepliaklqana
  6821 | D:6      | Remembered your ancestor Sofian as a hexer
  6948 | D:6      | Identified the +9 whip of the Burning Messenger {venom,
                  | *Corrode Will+ Str+3}
  7229 | D:6      | Upgraded the game from 0.31.0-11-ge490571c62 to
                  | 0.31.0-12-g77e489cdc1
  7380 | D:7      | Noticed Jeremiah
  7387 | D:7      | Killed Jeremiah
  7388 | D:7      | Reached skill level 5 in Invocations
  8616 | D:8      | Found a staircase to the Lair.
  8647 | D:8      | Found a blossoming altar of Fedhas.
  8958 | D:8      | Reached skill level 5 in Fighting
  8958 | D:8      | Reached skill level 5 in Short Blades
  8958 | D:8      | Reached skill level 5 in Long Blades
  8958 | D:8      | Reached skill level 5 in Axes
  8958 | D:8      | Reached skill level 5 in Maces & Flails
  8958 | D:8      | Reached skill level 5 in Polearms
  8958 | D:8      | Reached skill level 5 in Staves
  8958 | D:8      | Reached skill level 5 in Ranged Weapons
  8958 | D:8      | Reached skill level 5 in Throwing
  8958 | D:8      | Reached skill level 5 in Armour
  8958 | D:8      | Reached skill level 5 in Shields
  8958 | D:8      | Reached skill level 5 in Unarmed Combat
  8958 | D:8      | Reached skill level 5 in Evocations
  8959 | D:8      | Reached XP level 10. HP: 66/66 MP: 20/20
  9402 | D:8      | Identified the +3 spear of Magnificence {vamp, rN++ Stlth+}
  9417 | D:8      | Found a hide-covered altar of Uskayaw.
  9910 | D:9      | Reached skill level 5 in Conjurations
 10085 | D:9      | Reached *** piety under Hepliaklqana
 10136 | D:9      | Killed from afar by an acid dragon

Illustrated notes

Levels and vault maps discovered:
D:1:      wheals_arrival_linesprint, layout_basic
D:2:      layout_rooms, serial_forest, infiniplex_forest_clump_long,
          infiniplex_forest_lined_2, infiniplex_forest_end_2,
          infiniplex_forest_clump_long, infiniplex_forest_clump_tiny,
          infiniplex_forest_zigzag_1
D:3:      layout_loops_ring, general_overflow_altar, serial_shops, shop,
          st_stairs_4, roderic_roman_lattice, uniq_crazy_yiuf_cottage,
          uniq_robin
D:4:      cheibrodos_quashed, layout_cave_pods, uniq_grinder, uniq_natasha,
          uniq_menkaure, uniq_pikel
D:5:      layout_layer_cave, kennysheep_little_box,
          minmay_temple_entry_sparse_star, ebering_ghost_inner_flame
D:6:      layout_gridville, nicolae_overflow_squiral, uniq_edmund,
          uniq_blork_the_orc
D:7:      layout_layer_cave, uniq_jeremiah
D:8:      layout_basic, mainiacjoe_overflow_cross_hatched,
          nicolae_uskayaw_dance_hall, lair_entry_dummy
D:9:      layout_roguey, minivault_13
Temple:   nicolae_temple_bog_church

Skill      XL: |  1  2  3  4  5  6  7  8  9 10 |
---------------+-------------------------------+-----
Conjurations   | 2 3 4 5 |  5.0
Spellcasting   | 5 6 7 |  7.4
Invocations    | 1 2 3 4 5 |  5.9
Fighting       | 1 2 3 5 |  5.4
Short Blades   | 1 2 3 5 |  5.4
Long Blades    | 1 2 3 5 |  5.4
Axes           | 1 2 3 5 |  5.4
Maces & Flails | 1 2 3 5 |  5.4
Polearms       | 1 2 3 5 |  5.4
Staves         | 1 2 3 5 |  5.4
Ranged Weapons | 1 2 3 5 |  5.4
Throwing       | 1 2 3 5 |  5.4
Armour         | 1 2 3 5 |  5.4
Shields        | 1 2 3 5 |  5.4
Unarmed Combat | 1 2 3 5 |  5.4
Evocations     | 1 2 3 5 |  5.4
Shapeshifting  | 1 2 3 4 |  4.9
Hexes          | 1 2 3 4 |  4.4
Summonings     | 1 2 3 4 |  4.4
Necromancy     | 1 2 3 4 |  4.4
Translocations | 1 2 3 4 |  4.4
Fire Magic     | 1 2 3 4 |  4.4
Ice Magic      | 1 2 3 4 |  4.4
Air Magic      | 1 2 3 4 |  4.4
Earth Magic    | 1 2 3 4 |  4.4
Dodging        | 5 6 7 |  7.2
Stealth        | 5 6 |  6.9
Alchemy        | 6 7 |  7.1

Action                     |  1- 3 |  4- 6 |  7- 9 | 10-12 || total
---------------------------+-------+-------+-------+-------++-------
  Melee: Spear             |    16 |    22 |       |    60 ||    98
         Bite              |     3 |     2 |    21 |     8 ||    34
         Dagger            |       |     6 |   110 |       ||   116
         Punch             |       |       |     3 |       ||     3
         Trident           |       |       |    49 |    24 ||    73
         Unarmed           |       |       |       |     6 ||     6
   Fire: Sling             |       |     6 |       |       ||     6
   Cast: Sting             |    52 |    31 |     4 |       ||    87
         Mercury Vapours   |     6 |     1 |     1 |       ||     8
         Olgreb's Toxic Ra |       |    10 |    39 |     4 ||    53
         Mephitic Cloud    |       |       |     5 |       ||     5
 Invoke: Recall Ancestor   |       |       |     1 |       ||     1
         Ancestor Life: He |       |       |     1 |       ||     1
    Use: Scroll            |     3 |     1 |     6 |     4 ||    14
         Potion            |       |       |       |     1 ||     1
   Stab: Sleeping          |     1 |     1 |     4 |     4 ||    10
         Confused          |       |       |     3 |     2 ||     5
         Distracted        |       |       |     3 |     1 ||     4
         Invisible         |       |       |       |     8 ||     8
 Armour: Robe              |    21 |    24 |    56 |    19 ||   120
  Dodge: Dodged            |    17 |    16 |    60 |    25 ||   118
  Block: Other             |     1 |     4 |    22 |       ||    27
         Reflection        |       |       |     3 |       ||     3
   Form: Blade             |       |       |       |     1 ||     1
